 Dungeon Crawl Stone Soup version 0.30-a0-613-gdd512c7efb (webtiles) character file.

Game seed: 18277230992259497726

52 acebull12 the Grasshopper (level 3, -4/18 HPs)
             Began as a Spriggan Warper on Jan 8, 2023.
             Killed by nerve-wracking pain
             ... invoked by Jessica
              (11 damage)
             ... on level 2 of the Dungeon.
             The game lasted 00:06:37 (1684 turns).

acebull12 the Grasshopper (Spriggan Warper)         Turns: 1684, Time: 00:06:38

Health: -4/18      AC:  2    Str:  7    XL:     3   Next: 60%
Magic:  8/8        EV: 18    Int: 14    God:
Gold:   52         SH:  0    Dex: 16    Spells: 8/8 levels left

rFire   . . .      SeeInvis +    n - +0 dagger
rCold   . . .      Faith    .    (no shield)
rNeg    . . .      Spirit   .    b - +0 robe
rPois   .          Reflect  .    (helmet restricted)
rElec   .          Harm     .    (no cloak)
rCorr   .          Rampage  .    (gloves unavailable)
Will    .....                    (boots unavailable)
Stlth   ++                       (no amulet)
HPRegen 0.23/turn                (no ring)
MPRegen 0.11/turn                (no ring)

@: very quick
A: very small, no large weapons, unfitting armour, see invisible, speed 3
a: no special abilities


You were on level 2 of the Dungeon.
You visited 1 branch of the dungeon, and saw 2 of its levels.

You collected 52 gold pieces.

Inventory:

Hand Weapons
 n - a +0 dagger (weapon)
Missiles
 d - 7 boomerangs of dispersal (quivered)
Armour
 b - a +0 robe (worn)
 k - a scarf of harm
Scrolls
 a - a scroll of enchant armour {unknown}
 c - a scroll of blinking
 g - a scroll of poison {unknown}
 h - a scroll of fog {unknown}
 i - a scroll of vulnerability {unknown}
 p - a scroll of teleportation {unknown}
 r - a scroll of amnesia {unknown}
 s - a scroll of noise {unknown}
Potions
 e - a potion of flight {unknown}
 f - 6 potions of curing {unknown}
 j - 2 potions of lignification {unknown}
 l - a potion of ambrosia {unknown}
 m - 2 potions of might {unknown}
 o - a potion of brilliance {unknown}
 q - 2 potions of mutation {unknown}


   Skills:
 + Level 2.0 Fighting
 + Level 2.6 Short Blades
 + Level 1.0 Throwing
 + Level 3.3 Dodging
 * Level 2.0 Stealth
 * Level 3.2 Spellcasting
 * Level 5.0 Translocations


You had 8 spell levels left.
You didn't know any spells.
Your spell library contained the following spells:

 Spells                   Type           Power      Damage    Failure   Level
 Blink                    Tloc           32%        N/A       4%          2
 Lesser Beckoning         Tloc           32%        N/A       8%          3
 Teleport Other           Tloc           16%        N/A       8%          3
 Magic Dart               Conj           8%         1d3       22%         1
 Vhi's Electric Charge    Tloc/Air       18%        N/A       22%         3
 Manifold Assault         Tloc           16%        N/A       26%         4
 Searing Ray              Conj           4%         2d4       32%         2
 Fulminant Prism          Conj/Hex       1%         3d5       91%         4


Dungeon Overview and Level Annotations

Branches:
Dungeon (2/15)

Altars:

Annotations:
D:2 Jessica


Innate Abilities, Weirdness & Mutations

You are very small and have problems with some larger weapons.
You are too small for most types of armour.
You have supernaturally acute eyesight. (SInv)
You cover ground extremely quickly. (Speed+++)


Message History

Moving in this stuff is going to be slow.
There is a large open door here.
There is an open door here.
You enter the shallow water.
Moving in this stuff is going to be slow.
You enter the shallow water.
Moving in this stuff is going to be slow.
You enter the shallow water.
Moving in this stuff is going to be slow.
You see here a bat corpse.
A dart slug comes into view.
The helpless dart slug fails to defend itself.
You puncture the dart slug!
You kill the dart slug!
You see here a dart slug corpse.
You enter the shallow water.
Moving in this stuff is going to be slow.
You enter the shallow water.
Moving in this stuff is going to be slow.
There is an open door here.
Jessica shouts!
Jessica completely misses you.
You barely miss Jessica.
Jessica gestures wildly while chanting.
Jessica blinks!
Jessica points at you and mumbles some strange words.
You feel yourself slow down.
Jessica gestures wildly while chanting.
Jessica blinks!
There is an open door here.
Jessica points at you and mumbles some strange words.
Pain shoots through your body!
Ouch! That really hurt!
Jessica casts a spell at you. Pain shoots through your body!
You feel yourself speed up. Jessica gestures at you while chanting.
Pain shoots through your body!
Ouch! That really hurt!
You die...

##........# #.........#
#.........# ## ##.........#
####### ##### .#####......@.###
##.@...## #...# .....#........#
##.......###...# ..............#
##..#####..##...#
#####.........###..##!.?##......#
#............)@..#.....#.......
#.#...@.....###..#.....'......#
#.#....###### #(.#.....#..#...#
#....#.#..# #..##:??##..#...#
########....# ##..#####..##....
...รท<.##....# ##..............
......##@##.# ##.............
...........## #...#.[.......
.....###.#.# #.............


You could see Jessica.

Vanquished Creatures
  An adder (D:2)
  2 dart slugs
  5 endoplasms
  A giant cockroach (D:1)
  A goblin (D:2)
  A hobgoblin (D:2)
  5 jackals
  5 quokkas
  7 bats
  3 frilled lizards (D:1)
  2 kobolds
  3 rats
36 creatures vanquished.

Vanquished Creatures (others)
  A plant (D:2)
1 creature vanquished.

Grand Total: 37 creatures vanquished

Notes
Turn   | Place    | Note
-------+----------+-------------------------------------------
     0 | D:1      | acebull12 the Spriggan Warper began the quest for the Orb.
     0 | D:1      | Reached XP level 1. HP: 10/10 MP: 5/5
   300 | D:1      | Reached XP level 2. HP: 15/15 MP: 6/6
   791 | D:2      | Reached skill level 1 in Stealth
   815 | D:2      | Reached XP level 3. HP: 13/18 MP: 8/8
   945 | D:2      | Reached skill level 5 in Translocations
  1222 | D:2      | Noticed Jessica
  1684 | D:2      | Killed from afar by Jessica

Illustrated notes

Levels and vault maps discovered:
D:1:      co_arrival_random_square_maze, layout_loops_ring,
          minmay_misc_feat_doors
D:2:      wad_lake_hut, layout_basic, serial_shops, shop,
          kennysheep_jessica_study

Skill      XL: |  1  2  3 |
---------------+----------+-----
Spellcasting   | 3 |  3.2
Stealth        | 1 2 |  2.0
Fighting       | 2 |  2.0
Translocations | 5 |  5.0
Short Blades   | |  2.6
Throwing       | |  1.0
Dodging        | |  3.3

Action                   || total
-------------------------++-------
Melee: Short sword       ||    91
       Punch             ||     3
       Dagger            ||    80
 Stab: Sleeping          ||    10
Armor: Robe              ||    18
Dodge: Dodged            ||   143

Table legend: (Time is in decaauts)
 A = Elapsed time spent in this place.
 B = Non-inter-level travel time spent in this place.
 C = Inter-level travel time spent in this place.
 D = Time resting spent in this place.
 E = Time spent auto-exploring this place.
 F = Levels seen in this place.
 G = Mean time per level.
                   A        B        C        D        E       F      G
               +--------+--------+--------+--------+--------+-----+--------+
         Total |   1175 |   1143 |     32 |     14 |    700 |   2 |  587.5 |
       Dungeon |   1175 |   1143 |     32 |     14 |    700 |   2 |  587.5 |
               +--------+--------+--------+--------+--------+-----+--------+

Top non-repeatable levels by time:
     D:2: 643 daAuts
     D:1: 532 daAuts
